 Dungeon Crawl Stone Soup version 0.17.1-3-g152610e (webtiles) character file.

153 theElss the Skirmisher (level 5, 0/34 HPs)
             Began as a Gargoyle Berserker on Mar 2, 2016.
             Was a Believer of Trog.
             Killed from afar by an orc wizard (4 damage)
             ... with a puff of frost
             ... on level 3 of the Dungeon.
             The game lasted 00:06:05 (1410 turns).

theElss the Skirmisher (Gargoyle Berserker)         Turns: 1410, Time: 00:06:05

Health: 0/34       AC:  9    Str: 22    XL:     5   Next: 35%
Magic:  5/5        EV: 11    Int:  7    God:    Trog [**....]
Gold:   110        SH:  0    Dex:  9    Spells: 0 memorised, 4 levels left

rFire  . . .     SeeInvis .     a - +0 mace
rCold  . . .     Clarity  .     k - +0 ring mail
rNeg   + . .     SustAt   .     (no shield)
rPois  ∞         Gourm    .     (no helmet)
rElec  +         Spirit   .     (no cloak)
rCorr  .         Warding  .     (no gloves)
rMut   .         Stasis   .     (no boots)
MR     .....                    (no amulet)
Stlth  ..........               (no ring)
                                (no ring)

@: exhausted, slowed, very slow, not resistant to hostile enchantments,
extremely unstealthy
A: negative energy resistance 1, electricity resistance, unbreathing,
petrification resistance, rot immunity, AC +4
a: Berserk, Trog's Hand, Burn Spellbooks, Renounce Religion


You were on level 3 of the Dungeon.
You worshipped Trog.
Trog was pleased with you.
You were very hungry.

You visited 1 branch of the dungeon, and saw 3 of its levels.

You collected 110 gold pieces.

Inventory:

Hand Weapons
 a - a +0 mace (weapon)
 m - a +2 whip of draining
Armour
 b - a +0 animal skin
 k - a +0 ring mail (worn)
Scrolls
 e - a scroll of recharging {unknown}
 f - 2 scrolls of fear {unknown}
 l - a scroll of noise {unknown}
 o - a scroll of enchant armour {unknown}
Potions
 h - 2 potions of magic {unknown}
 i - a potion of curing {unknown}
 n - a potion of agility {unknown}
Comestibles
 c - 3 bread rations
 d - 2 meat rations
 g - 9 chunks of flesh


   Skills:
 + Level 4.6 Fighting
 + Level 4.2 Maces & Flails
 + Level 3.4 Armour
 - Level 1.8 Dodging


You had 4 spell levels left.
You didn't know any spells.

Dungeon Overview and Level Annotations

Branches:
Dungeon (3/15)

Altars:

Annotations:
D:2 Sigmund, Terence


Innate Abilities, Weirdness & Mutations

You are resistant to torment.
Your stone body is resilient (AC +4).
You are immune to poison.
You resist negative energy.
You are resistant to electric shocks.
You can survive without breathing.
You are immune to petrification.
You are immune to rotting.


Message History

You are feeling very hungry.
An adder comes into view.
The orc wizard hits you but does no damage.
The orc wizard casts a spell at you. The puff of flame hits you!
* * * LOW HITPOINT WARNING * * *
You barely miss the orc wizard.
Your skin stops crawling.
You feel less resistant to hostile enchantments.
The orc wizard barely misses you.
The orc wizard casts a spell.
The orc wizard seems to speed up.
You closely miss the orc wizard.
The orc wizard hits you but does no damage.
The orc wizard barely misses you.
You barely miss the orc wizard. The orc wizard barely misses you.
The orc wizard hits you but does no damage.
The orc wizard points at you and mumbles some strange words.
The puff of frost hits you!
You die...

####### #.....# ### #.#
#.###### ## #####.######.#
#.<))..#
#.........##.##.###.####.#
###.####..(.....#.....# .#
###.....#)............###
.. #........)<()..@..#####
... #.....#(#...##o## .###
#.....#.##.###S# g#
####){o...#### #.# ..
#....o##### #'# #....#.#
.. ♣... #)## ..
♣♣...#o.### .. ♣.........#


You could see an orc wizard and an adder.

Vanquished Creatures
  Jessica (D:2)
  2 orc priests (D:3)
  An orc wizard (D:3)
  A worm (D:2)
  2 giant geckos
  11 orcs (D:3)
  A ball python (D:1)
  A giant cockroach (D:2)
  2 hobgoblins (D:1)
  2 quokkas
  A bat (D:1)
  4 goblins
  6 kobolds
  4 rats
  2 bushes (D:1)
41 creatures vanquished.

Notes
Turn   | Place    | Note
--------------------------------------------------------------
     0 | D:1      | theElss the Gargoyle Berserker began the quest for the Orb.
     0 | D:1      | Reached XP level 1. HP: 14/14 MP: 1/1
   376 | D:1      | Reached XP level 2. HP: 19/19 MP: 2/2
  1124 | D:2      | Noticed Jessica
  1137 | D:2      | Killed Jessica
  1137 | D:2      | Reached skill level 4 in Fighting
  1137 | D:2      | Reached XP level 3. HP: 24/24 MP: 3/3
  1203 | D:2      | Reached ** piety under Trog
  1247 | D:2      | Noticed Sigmund
  1273 | D:3      | Reached XP level 4. HP: 27/29 MP: 4/4
  1383 | D:3      | Reached XP level 5. HP: 20/34 MP: 5/5
  1385 | D:2      | Noticed Terence
  1410 | D:3      | Killed from afar by an orc wizard

Action                   |  1- 3 |  4- 6 || total
-------------------------+-------+-------++-------
Melee: Mace              |   262 |    56 ||   318
       Whip              |    22 |       ||    22
Invok: Berserk           |     1 |     2 ||     3
       Trog's Hand       |       |     1 ||     1
  Eat: Beef jerky        |     1 |       ||     1
       Chunk             |     1 |     2 ||     3
